SL
SAN MATEO DIRTY REDS @ NASHVILLE OUTLAWS
09/16/2037
 
TOP OF THE 1ST
San Mateo Dirty Reds batting - Pitching for Nashville Outlaws : RHP Matthew Fallows
Pitching: RHP Matthew Fallows
Batting: RHB Iván Vega 0-0: Ball
1-0: Ball
2-0: Foul Ball, location: 2F
2-1: Foul Ball, location: 2F
2-2: Foul Ball, location: 2F
2-2: Foul Ball, location: 2F
2-2: Ball
3-2: Foul Ball, location: 2F
3-2: Ground out 5-3 (Groundball, 5S, EV 85.6 MPH)
Batting: RHB Kameron Guangorena 0-0: Called Strike
0-1: Foul Ball, location: 2F
0-2: SINGLE (Groundball, 13S, EV 67.5 MPH) (infield hit)
Batting: RHB Paul Tate 0-0: Fly out, F3 (Popup, 3, EV 62.5 MPH)
Batting: LHB Palaie Gaoteote 0-0: Ball
1-0: Ball
2-0: Ball
3-0: Called Strike
3-1: Swinging Strike
3-2: Strikes out swinging
Top of the 1st over - 0 runs, 1 hit, 0 errors, 1 left on base; San Mateo 0 - Nashville 0
BOTTOM OF THE 1ST
Nashville Outlaws batting - Pitching for San Mateo Dirty Reds : RHP CB Huntington
Pitching: RHP CB Huntington
Batting: LHB Bartolo Soto 0-0: Swinging Strike
0-1: Swinging Strike
0-2: Ball
1-2: Ball
2-2: Ball
3-2: Ground out 6-3 (Groundball, 6, EV 91.2 MPH)
Batting: LHB Salvador Ramírez 0-0: Called Strike
0-1: Called Strike
0-2: Ball
1-2: Ball
2-2: Foul Ball, location: 2F
2-2: Foul Ball, location: 2F
2-2: Foul Ball, location: 2F
2-2: SINGLE (Groundball, 34D, EV 100.0 MPH)
Batting: LHB Myron Rosenbalm 0-0: Ball
1-0: Foul Ball, location: 2F
1-1: Ball
2-1: Foul Ball, location: 2F
2-2: Grounds into double play, 4-6-3 (Groundball, 34, EV 101.9 MPH)
Bottom of the 1st over - 0 runs, 1 hit, 0 errors, 0 left on base; San Mateo 0 - Nashville 0
TOP OF THE 2ND
San Mateo Dirty Reds batting - Pitching for Nashville Outlaws : RHP Matthew Fallows
Batting: RHB António Mendoza 0-0: Swinging Strike
0-1: Ball
1-1: Foul Ball, location: 2F
1-2: Strikes out looking
Batting: RHB Daniel Maldonado 0-0: Swinging Strike
0-1: Called Strike
0-2: Strikes out swinging
Batting: RHB Hyeon-cheong Kim 0-0: Called Strike
0-1: Foul Ball, location: 2F
0-2: Ball
1-2: SINGLE (Flyball, 9LS, EV 94.4 MPH)
Batting: RHB Augusto Encarnación 0-0: Reached on error, E5 (Groundball, 56, EV 105.0 MPH)
Hyeon-cheong Kim to second
Batting: RHB Nelson Jaramillo 0-0: Ball
1-0: Called Strike
1-1: Fly out, F7 (Flyball, 7S, EV 75.0 MPH)
Top of the 2nd over - 0 runs, 1 hit, 1 error, 2 left on base; San Mateo 0 - Nashville 0
BOTTOM OF THE 2ND
Nashville Outlaws batting - Pitching for San Mateo Dirty Reds : RHP CB Huntington
Batting: LHB Tom Burton 0-0: SINGLE (Line Drive, 4D, EV 95.0 MPH)
Batting: RHB Jerry Yates 0-0: DOUBLE (Line Drive, 7LM, EV 108.8 MPH)
Tom Burton to third
Batting: RHB Mark Toope 0-0: Called Strike
0-1: Foul Ball, location: 2F
0-2: Fly out, F8 (Flyball, 8LM, EV 85.0 MPH)
Runner from 3rd tags up, OUT at HOME! 8-2
Jerry Yates to third
Batting: RHB Arnold Giroux 0-0: Ball
1-0: Foul Ball, location: 2F
1-1: Ground out 5-3 (Groundball, 56S, EV 86.2 MPH)
Bottom of the 2nd over - 0 runs, 2 hits, 0 errors, 1 left on base; San Mateo 0 - Nashville 0
TOP OF THE 3RD
San Mateo Dirty Reds batting - Pitching for Nashville Outlaws : RHP Matthew Fallows
Batting: RHB Iván Vega 0-0: Ball
1-0: Foul Ball, location: 2F
1-1: Ball
2-1: Called Strike
2-2: Foul Ball, location: 2F
2-2: Ground out 5-3 (Groundball, 56, EV 106.2 MPH)
Batting: RHB Kameron Guangorena 0-0: Foul Ball, location: 2F
0-1: Foul Ball, location: 2F
0-2: Ball
1-2: Ball
2-2: Fly out, F7 (Flyball, 7LS, EV 91.9 MPH)
Batting: RHB Paul Tate 0-0: Swinging Strike
0-1: Ball
1-1: Swinging Strike
1-2: Foul Ball, location: 2F
1-2: Ball
2-2: SINGLE (Line Drive, 6M, EV 100.6 MPH)
Batting: LHB Palaie Gaoteote 0-0: Ball
1-0: Ball
2-0: Ball
3-0: Called Strike
3-1: Base on Balls
Paul Tate to second
Batting: RHB António Mendoza 0-0: Foul Ball, location: 2F
0-1: Called Strike
0-2: Ball
1-2: Foul Ball, location: 2F
1-2: Ball
2-2: Ball
3-2: Foul Ball, location: 2F
3-2: Fly out, F3 (Popup, 3SF, EV 72.5 MPH)
Top of the 3rd over - 0 runs, 1 hit, 0 errors, 2 left on base; San Mateo 0 - Nashville 0
BOTTOM OF THE 3RD
Nashville Outlaws batting - Pitching for San Mateo Dirty Reds : RHP CB Huntington
Batting: LHB Juan Caro 0-0: TRIPLE (Line Drive, 78XD, EV 103.1 MPH)
Batting: RHB Sadakuno Hashimoto 0-0: Called Strike
0-1: Ball
1-1: Ground out 5-3 (Groundball, 5S, EV 69.4 MPH)
Pitching: RHP Anastasio Cabanillas Jr.
Batting: LHB Bartolo Soto 0-0: Ball
1-0: 2-RUN HOME RUN (Flyball, 89XD, EV 101.2 MPH), Distance : 404 ft
Batting: LHB Salvador Ramírez 0-0: Foul Ball, location: 2F
0-1: Ball
1-1: Swinging Strike
1-2: Strikes out swinging
Batting: LHB Myron Rosenbalm 0-0: Called Strike
0-1: Ball
1-1: Ball
2-1: Swinging Strike
2-2: SINGLE (Line Drive, 7S, EV 90.6 MPH)
Batting: LHB Tom Burton 0-0: Ball
1-0: Ball
2-0: Foul Ball, location: 2F
2-1: SINGLE (Line Drive, 8LS, EV 101.2 MPH)
Myron Rosenbalm to second
Runner from 2nd tries for 3rd, SAFE, throw by CF made to third
Batting: RHB Jerry Yates 0-0: Called Strike
Pickoff Throw to First - Out! 1-3
Bottom of the 3rd over - 2 runs, 4 hits, 0 errors, 1 left on base; San Mateo 0 - Nashville 2
TOP OF THE 4TH
San Mateo Dirty Reds batting - Pitching for Nashville Outlaws : RHP Matthew Fallows
Batting: RHB Daniel Maldonado 0-0: Ball
1-0: Called Strike
1-1: Ball
2-1: Foul Ball, location: 2F
2-2: Ball
3-2: Foul Ball, location: 2F
3-2: Foul Ball, location: 2F
3-2: Strikes out looking
Batting: RHB Hyeon-cheong Kim 0-0: Called Strike
0-1: Called Strike
0-2: Ball
1-2: Strikes out swinging
Batting: RHB Augusto Encarnación 0-0: Foul Ball, location: 2F
0-1: Ball
1-1: Foul Ball, location: 2F
1-2: Ball
2-2: SINGLE (Flyball, 9S, EV 90.6 MPH)
Batting: RHB Nelson Jaramillo 0-0: Ball
1-0: Ball
2-0: Foul Ball, location: 2F
2-1: Foul Ball, location: 2F
2-2: Ground out 6-3 (Groundball, 6M, EV 84.4 MPH)
Top of the 4th over - 0 runs, 1 hit, 0 errors, 1 left on base; San Mateo 0 - Nashville 2
BOTTOM OF THE 4TH
Nashville Outlaws batting - Pitching for San Mateo Dirty Reds : RHP Anastasio Cabanillas Jr.
Batting: RHB Jerry Yates 0-0: Ball
1-0: SINGLE (Groundball, 34D, EV 106.9 MPH)
Batting: RHB Mark Toope 0-0: Foul Ball, location: 2F
0-1: Swinging Strike
0-2: Ball
1-2: Ball
2-2: Grounds into double play, 6-4-3 (Groundball, 6, EV 103.1 MPH)
Batting: RHB Arnold Giroux 0-0: Called Strike
0-1: Ball
1-1: Foul Ball, location: 2F
1-2: Ball
2-2: Strikes out swinging
Bottom of the 4th over - 0 runs, 1 hit, 0 errors, 0 left on base; San Mateo 0 - Nashville 2
TOP OF THE 5TH
San Mateo Dirty Reds batting - Pitching for Nashville Outlaws : RHP Matthew Fallows
Batting: RHB Iván Vega 0-0: Foul Ball, location: 2F
0-1: Fly out, F4 (Popup, 3S, EV 88.8 MPH)
Batting: RHB Kameron Guangorena 0-0: Ball
1-0: Fly out, F8 (Line Drive, 8RD, EV 98.8 MPH)
Batting: RHB Paul Tate 0-0: Swinging Strike
0-1: Swinging Strike
0-2: Strikes out looking
Top of the 5th over - 0 runs, 0 hits, 0 errors, 0 left on base; San Mateo 0 - Nashville 2
BOTTOM OF THE 5TH
Nashville Outlaws batting - Pitching for San Mateo Dirty Reds : RHP Anastasio Cabanillas Jr.
Batting: LHB Juan Caro 0-0: Fly out, F7 (Flyball, 78D, EV 103.1 MPH)
Batting: RHB Sadakuno Hashimoto 0-0: Called Strike
0-1: Fly out, F3 (Popup, 3SF, EV 75.0 MPH)
Batting: LHB Bartolo Soto 0-0: Ground out 6-3 (Groundball, 6, EV 109.4 MPH)
Bottom of the 5th over - 0 runs, 0 hits, 0 errors, 0 left on base; San Mateo 0 - Nashville 2
TOP OF THE 6TH
San Mateo Dirty Reds batting - Pitching for Nashville Outlaws : RHP Matthew Fallows
Batting: LHB Palaie Gaoteote 0-0: Foul Ball, location: 2F
0-1: Foul Ball, location: 2F
0-2: Ball
1-2: Foul Ball, location: 2F
1-2: Ball
2-2: Foul Ball, location: 2F
2-2: Strikes out swinging
Pitching: RHP Barry Rozner
Batting: RHB António Mendoza 0-0: Ball
1-0: Ball
2-0: Ball
3-0: Called Strike
3-1: Base on Balls
Batting: RHB Daniel Maldonado 0-0: Ball
1-0: Called Strike
1-1: Called Strike
1-2: Foul Ball, location: 2F
1-2: Foul Ball, location: 2F
1-2: Strikes out swinging
António Mendoza is caught stealing 2nd base 2-4
Batter strikes out.
Top of the 6th over - 0 runs, 0 hits, 0 errors, 0 left on base; San Mateo 0 - Nashville 2
BOTTOM OF THE 6TH
Nashville Outlaws batting - Pitching for San Mateo Dirty Reds : RHP Anastasio Cabanillas Jr.
Batting: LHB Salvador Ramírez 0-0: Foul Ball, location: 2F
0-1: Ball
1-1: Ball
2-1: Foul Ball, location: 2F
2-2: Ball
3-2: Ground out 4-3 (Groundball, 4MS, EV 93.1 MPH)
Batting: LHB Myron Rosenbalm 0-0: Swinging Strike
0-1: Foul Ball, location: 2F
0-2: Foul Ball, location: 2F
0-2: Strikes out looking
Batting: LHB Tom Burton 0-0: Swinging Strike
0-1: Ball
1-1: Ball
2-1: Swinging Strike
2-2: Ball
3-2: Base on Balls
Batting: RHB Jerry Yates 0-0: Called Strike
0-1: Fielders Choice at 2nd, 5-4 (Groundball, 56, EV 100.6 MPH)
Bottom of the 6th over - 0 runs, 0 hits, 0 errors, 1 left on base; San Mateo 0 - Nashville 2
TOP OF THE 7TH
San Mateo Dirty Reds batting - Pitching for Nashville Outlaws : RHP Barry Rozner
Batting: RHB Hyeon-cheong Kim 0-0: Called Strike
0-1: Fly out, F3 (Popup, 3SF, EV 76.2 MPH)
Batting: RHB Augusto Encarnación 0-0: Ball
1-0: Ground out 5-3 (Groundball, 5, EV 99.4 MPH)
Batting: RHB Nelson Jaramillo 0-0: Called Strike
0-1: Ball
1-1: Ball
2-1: Fly out, F7 (Flyball, 78M, EV 88.8 MPH)
Top of the 7th over - 0 runs, 0 hits, 0 errors, 0 left on base; San Mateo 0 - Nashville 2
BOTTOM OF THE 7TH
Nashville Outlaws batting - Pitching for San Mateo Dirty Reds : RHP Anastasio Cabanillas Jr.
Pitching: RHP Matt Digby
Batting: RHB Mark Toope 0-0: Ball
1-0: SINGLE (Groundball, 34, EV 84.4 MPH) (infield hit)
Batting: RHB Arnold Giroux 0-0: Sac Bunt to 13S - play at first, batter OUT! 1-3
Mark Toope to second
Batting: LHB Juan Caro 0-0: Ball
1-0: Ball
2-0: SINGLE (Line Drive, 7S, EV 85.6 MPH)
Mark Toope to third
Runner from 3rd tries for Home, SAFE, no throw by LF
Batting: RHB Sadakuno Hashimoto 0-0: SINGLE (Line Drive, 9S, EV 85.6 MPH)
Juan Caro to second
Runner from 2nd tries for 3rd, OUT! 9-5
Batting: LHB Bartolo Soto 0-0: Called Strike
Sadakuno Hashimoto is caught stealing 2nd base 2-6
Bottom of the 7th over - 1 run, 3 hits, 0 errors, 0 left on base; San Mateo 0 - Nashville 3
TOP OF THE 8TH
San Mateo Dirty Reds batting - Pitching for Nashville Outlaws : RHP Barry Rozner
Pitching: RHP Peter Glenn
Batting: RHB Iván Vega 0-0: Ball
1-0: Ball
2-0: Ball
3-0: Called Strike
3-1: Called Strike
3-2: Strikes out looking
Batting: RHB Kameron Guangorena 0-0: Fly out, F8 (Flyball, 8LD, EV 84.4 MPH)
Batting: RHB Paul Tate 0-0: Ball
1-0: Foul Ball, location: 2F
1-1: Ball
2-1: SINGLE (Flyball, 8RS, EV 88.8 MPH)
Batting: LHB Palaie Gaoteote 0-0: DOUBLE (Flyball, 9LD, EV 108.1 MPH)
Paul Tate to third
Runner from 3rd tries for Home, SAFE, throw by RF to home
Batting: RHB António Mendoza 0-0: Ball
1-0: Ball
2-0: Ball
3-0: Base on Balls
Pitching: LHP Onson Sweemey
Pinch Runner at 2nd Kevin Baxter:
Batting: RHB Daniel Maldonado 0-0: Fly out, F7 (Flyball, 7, EV 81.9 MPH)
Top of the 8th over - 1 run, 2 hits, 0 errors, 2 left on base; San Mateo 1 - Nashville 3
BOTTOM OF THE 8TH
Nashville Outlaws batting - Pitching for San Mateo Dirty Reds : RHP Matt Digby
Batting: LHB Bartolo Soto 0-0: Fly out, F4 (Line Drive, 4, EV 70.0 MPH)
Batting: LHB Salvador Ramírez 0-0: Foul Ball, location: 2F
0-1: Fly out, F8 (Flyball, 8RM, EV 85.6 MPH)
Batting: LHB Myron Rosenbalm 0-0: Called Strike
0-1: Foul Ball, location: 2F
0-2: Foul Ball, location: 2F
0-2: Strikes out swinging
Bottom of the 8th over - 0 runs, 0 hits, 0 errors, 0 left on base; San Mateo 1 - Nashville 3
TOP OF THE 9TH
San Mateo Dirty Reds batting - Pitching for Nashville Outlaws : LHP Onson Sweemey
Pitching: RHP John Rigsby
Batting: RHB Hyeon-cheong Kim 0-0: Called Strike
0-1: Called Strike
0-2: Foul Ball, location: 2F
0-2: Strikes out looking
Batting: RHB Augusto Encarnación 0-0: Foul Ball, location: 2F
0-1: Ball
1-1: Called Strike
1-2: Strikes out swinging, 2-3 out at first.
Batting: RHB Nelson Jaramillo 0-0: Ball
1-0: Swinging Strike
1-1: Fly out, F9 (Flyball, 9LM, EV 110.0 MPH)
Top of the 9th over - 0 runs, 0 hits, 0 errors, 0 left on base; San Mateo 1 - Nashville 3
Thursday, January 23rd, 2020 - OOTP Baseball 20.8 Build 74